[Event "Late-Titled-Tuesday-Blitz-February-13-2024"]
[Site "Chess.com"]
[Date "2024.02.13"]
[Round "1"]
[White "WPWPWP-2015"]
[Black "ProfessorChess101"]
[Result "1-0"]
[WhiteElo "2439"]
[BlackElo "2782"]
[TimeControl "180+1"]
[EndTime "14:08:00 PST"]
[Termination "WPWPWP-2015 won on time"]

1. e4 c5 2. Nf3 e6 3. b3 b6 4. Bb2 Bb7 5. Qe2 Nc6 6. d4 cxd4 7.
Nxd4 Nf6 8. Nd2 Bc5 9. Nxc6 Bxc6 10. O-O-O Qe7 11. f3 Ba3 12. Nc4 Bxb2+ 13. Kxb2 O-O 14.
Nd6 Ne8 15. e5 f6 16. f4 fxe5 17. fxe5 Nxd6 18. Rxd6 Rf5 19. g4 Rxe5 20. Qxe5 Bxh1 21. Bb5 Rd8 22. h4 a6 23. Bc4 b5 24. Bd3 Bc6 25.
g5 Rf8 26. h5 Qf7 27. Bxh7+ Kh8 28. Bg6 Qf4 29. Qc5 a5 30. Rd4 Qf2 31. h6 gxh6 32. gxh6 Qf6 33. Bd3 a4 34. Ka3 Ra8 35. Kb4 Rg8 36.
h7 Rg5 37. Qb6 Qf8+ 38. Kc3 Qc5+ 39. Qxc5 Rxc5+ 40. Kb4 Rg5 41. Rf4 Kg7 42. Rf8 Rg4+ 43.
Ka5 Kxf8 44. h8=Q+ Rg8 45. Qf6+ Ke8 46. Bg6+ 1-0

[Event "Late-Titled-Tuesday-Blitz-February-13-2024"]
[Site "Chess.com"]
[Date "2024.02.13"]
[Round "1"]
[White "egnfanclub"]
[Black "aa175"]
[Result "0-1"]
[WhiteElo "2342"]
[BlackElo "2683"]
[TimeControl "180+1"]
[EndTime "14:08:02 PST"]
[Termination "aa175 won by checkmate"]

1. e4 e5 2. Nf3 Nf6 3. Nc3 Nc6 4. d4 exd4 5. Nxd4 Nxe4 6. Nxe4 Qe7 7. f3 d5 8. Bb5 Bd7 9. O-O dxe4 10. Bxc6 bxc6 11. fxe4 O-O-O 12. Qf3 f6 13. Nb3 Be6 14. Be3 Qb4 15. c3 Qa4 16. Nc5 Bxc5 17. Bxc5 Kb7 18. b3 Qb5 19. Qf2 Qd3 20. Rfe1 Qxc3 21. Rac1 Qd2 22.
Bxa7 Qxf2+ 23. Bxf2 Rd2 24. Ra1 Ra8 25. a3 Bxb3 26.
Reb1 Rd3 27. a4 Rad8 28. a5 Ka6 29. Rc1 Rd1+ 30. Rxd1 Rxd1+ 31. Rxd1 Bxd1 32. Be1 Bc2 33. e5 fxe5 34. Bc3 e4 35. Kf2 g6 36. Ke3 c5 37.
g4 Kb5 38. h4 Bd3 39. h5 Ka4 40. h6 Kb3 41. Be5 c4 42. a6 c3 43. a7 c2 44. Kd2 e3+ 45. Kc1 e2 46. Bg3 Be4 47. Be1 c5 48. Bf2 g5 49. Be1 c4 50. Bf2 c3 51. Be1 Kc4 52. Bxc3 Kxc3 53. a8=Q e1=R# 0-1

[Event "Late-Titled-Tuesday-Blitz-February-13-2024"]
[Site "Chess.com"]
[Date "2024.02.13"]
[Round "1"]
[White "andrzej"]
[Black "mishanick"]
[Result "1-0"]
[WhiteElo "2523"]
[BlackElo "2972"]
[TimeControl "180+1"]
[EndTime "14:08:03 PST"]
[Termination "andrzej won on time"]

1. e4 c5 2. Nf3 e6 3. d4 cxd4 4.
Nxd4 Nc6 5. Bf4 d6 6. Nxc6 bxc6 7. c4 e5 8. Be3 Nf6 9. Bd3 Ng4 10. Bc1 Qh4 11. Qe2 Be7 12. Nd2 Nf6 13. O-O O-O 14.
c5 dxc5 15. Nc4 Nd7 16. Be3 Re8 17. Rac1 Bf8 18. Rfd1 Nf6 19. f3 Nh5 20. Qf2 Qf6 21.
g3 Bh3 22. Be2 Qg6 23. Kh1 h6 24. g4 Nf6 25. Qh4 Bxg4 26. fxg4 Qxe4+ 27. Kg1 Qg6 28. Qg3 Nd5 29. Bf3 e4 30. Bg2 Be7 31. Re1 Rad8 32. h3 Bf6 33. Rcd1 Nxe3 34. Nxe3 Bd4 35. Kh1 Bxb2 36. Nf5 Qf6 37. Bxe4 Be5 38. Qg2 c4 39. Bxc6 Rxd1 40. Rxd1 Rc8 41. Be4 c3 42. Bc2 g6 43.
Nxh6+ Kg7 44. g5 Qe7 45. Rf1 Rf8 46. h4 Qb4 47. Ng4 Rh8 48. Qh3 Bf4 49. Nh6 f5 50.
Qf3 1-0

[Event "Late-Titled-Tuesday-Blitz-February-13-2024"]
[Site "Chess.com"]
[Date "2024.02.13"]
[Round "1"]
[White "ChadBiryani"]
[Black "alexrustemov"]
[Result "1-0"]
[WhiteElo "2458"]
[BlackElo "2823"]
[TimeControl "180+1"]
[EndTime "14:08:03 PST"]
[Termination "ChadBiryani won on time"]

1. d4 d5 2. Bg5 h6 3. Bh4 c5 4.
e3 Nc6 5. Nf3 cxd4 6. exd4 Bg4 7. Nbd2 Nf6 8. c3 e6 9. Bd3 Be7 10. O-O O-O 11. Re1 Rc8 12. h3 Bxf3 13. Nxf3 Ne8 14. Bg3 Nd6 15. Ne5 Nxe5 16. Bxe5 Nc4 17. Rb1 Bd6 18. Bxc4 Rxc4 19. Qb3 b6 20. Re3 Bxe5 21.
Rxe5 Qf6 22. Qa3 Rc7 23. Rbe1 Rfc8 24. R1e3 b5 25. Qb3 a6 26. a3 Rb7 27. Qc2 a5 28. Rf3 Qe7 29. Qd2 b4 30. axb4 axb4 31. Rg3 Qf6 32. Rf3 Qg6 33. Rg3 bxc3 34. bxc3 Qh7 35. Rh5 Kh8 36. Qf4 Ra8 37. Kh2 Ra1 38.
Qd6 Ra8 39. Qe5 Rc8 40. Qd6 Rbc7 41. Rh4 Qf5 42. Rf4 Qh7 43. Rh4 g6 44. Qf4 Kg7 45. Qe5+ Kg8 46. Qe1 Qg7 47. Rf4 g5 48. Rff3 Kh7 49. h4 Qg6 50. hxg5 hxg5 51. Rh3+ Kg7 52. Rfg3 1-0

[Event "Late-Titled-Tuesday-Blitz-February-13-2024"]
[Site "Chess.com"]
[Date "2024.02.13"]
[Round "1"]
[White "YurasovMat-2012"]
[Black "pinguino120"]
[Result "0-1"]
[WhiteElo "2652"]
[BlackElo "2339"]
[TimeControl "180+1"]
[EndTime "14:08:03 PST"]
[Termination "pinguino120 won on time"]

1. e4 c6 2. Nf3 d5 3. e5 Bg4 4. h3 Bxf3 5. Qxf3 e6 6. d4 c5 7. dxc5 Bxc5 8. Qg3 Kf8 9. c3 Ne7 10. Nd2 Nbc6 11. Nf3 Nf5 12. Qf4 Qb6 13. Qd2 d4 14. g4 dxc3 15. bxc3 Rd8 16. Qc2 Nfe7 17.
Rb1 Qc7 18. Bf4 Ng6 19. Bg3 Ngxe5 20. Nxe5 Nxe5 21. Bg2 b6 22. O-O Bd6 23. Rbd1 Nc4 24. Qd3 Ke7 25. Qe4 Bxg3 26. fxg3 Rxd1 27. Rxd1 Nd6 28.
Qf4 Rd8 29. Qg5+ Kf8 30. Kh2 Qe7 31. Qf4 Kg8 32. c4 h6 33. a4 Nb7 34. Rxd8+ Nxd8 35. Qb8 Qd7 36. a5 bxa5 37. c5 Kh7 38. c6 Nxc6 39. Qb5 Ne5 40. Qxe5 a4 41. Qc3 Qb5 42. Be4+ g6 43.
Bd3 Qb3 44. Qd4 Qa2+ 45. Kg1 a3 46. Qf6 Kg8 47. Qd8+ Kh7 48. Qe7 Kg7 49. Qc5 Qa1+ 50. Kg2 Qb2+ 51. Kf3 a2 0-1

[Event "Late-Titled-Tuesday-Blitz-February-13-2024"]
[Site "Chess.com"]
[Date "2024.02.13"]
[Round "1"]
[White "colegiodemadrid"]
[Black "LUISMIGUELOV"]
[Result "1-0"]
[WhiteElo "2557"]
[BlackElo "2178"]
[TimeControl "180+1"]
[EndTime "14:08:03 PST"]
[Termination "colegiodemadrid won by resignation"]

1. Nf3 d5 2. e3 c6 3. c4 Bg4 4. Nc3 e6 5. h3 Bh5 6. Be2 Bd6 7. g4 Bg6 8. Qb3 Qb6 9. d4 dxc4 10. Bxc4 Qxb3 11.
Bxb3 Nd7 12. Bd2 Ngf6 13. O-O Ne4 14. Nxe4 Bxe4 15. Ng5 Bg6 16. f4 Bd3 17. Rf2 h6 18. Nf3 Nf6 19. Ne5 Bxe5 20. fxe5 Ne4 21. Rh2 Nxd2 22.
Rxd2 Be4 23. Rf2 O-O 24. Rf4 Bg6 25. h4 Rad8 26. Rc1 Rd7 27. h5 Bh7 28. Kg2 Rfd8 29.
Kf2 Bd3 30. Rc3 Bh7 31. Ke2 Re7 32. a4 a5 33. Bc4 Kf8 34. Rc1 Ke8 35. Rcf1 Rdd7 36.
Bd3 Bxd3+ 37. Kxd3 Rd5 38. Kc4 Red7 39. b3 b5+ 40. Kc3 Rc7 41. R4f3 Rdd7 42. Kb2 bxa4 43. bxa4 Rb7+ 44. Kc3 Rb4 45. Ra1 Rdb7 46. Ra3 Rb1 47. Rf2 R7b4 48. Rc2 Rg1 49. Kd3 Rxg4 50. Rxc6 g6 51. Rc8+ Ke7 52. Rac3 Rb7 53. hxg6 Rxg6 54.
Rh8 Rd7 55. Rcc8 Rb7 56. Rc5 Rb3+ 57. Kc4 Rb4+ 58. Kd3 Rb7 59. Rxa5 Rg3 60. Rb5 Ra7 61. a5 Rh3 62. a6 f6 63. Rb7+ Rxb7 64. axb7 1-0

[Event "Late-Titled-Tuesday-Blitz-February-13-2024"]
[Site "Chess.com"]
[Date "2024.02.13"]
[Round "1"]
[White "koncheto"]
[Black "GMBenjaminBok"]
[Result "0-1"]
[WhiteElo "2506"]
[BlackElo "2976"]
[TimeControl "180+1"]
[EndTime "14:08:04 PST"]
[Termination "GMBenjaminBok won by resignation"]

1. e4 c5 2. Nf3 d6 3. d4 cxd4 4. Nxd4 Nf6 5. f3 Nc6 6. c4 Qb6 7. Nb3 e6 8. Nc3 Be7 9. Bd3 O-O 10. Qe2 Ne5 11. Be3 Qc7 12. O-O Bd7 13. Rac1 a6 14. Nd4 Rfc8 15. b3 Qa5 16. Bd2 Qc5 17. Be3 Qa5 18. Bd2 Qd8 19. Be3 Nxd3 20. Qxd3 Qa5 21. Rfd1 h6 22. Bd2 Qc7 23. Be3 Be8 24. h3 Rab8 25.
f4 Qa5 26. Bd2 Qc5 27. Be3 Qh5 28. a4 Nd7 29. Nf3 Qa5 30. Qc2 Nc5 31. Bd2 Qb6 32. Be3 Qxb3 33. Qe2 Nxa4 34. Nxa4 Qxa4 35. e5 dxe5 36. Nxe5 Rd8 37. Rf1 Qa5 38. Kh1 Bc5 39. Rf3 Bxe3 40. Qxe3 Qd2 41. Qg1 f6 42. Ng4 Bc6 43.
Rg3 Qxf4 44. Kh2 Rd3 45. Qe1 Qxg3+ 46. Qxg3 Rxg3 47. Kxg3 Rd8 48. Re1 Rd3+ 49. Ne3 Kf7 50. Kf2 Rd2+ 51. Kf1 a5 52. Ra1 a4 53. Nd1 Rxg2 54. Ne3 Rg3 55. Kf2 Rxh3 56. Rb1 Rh2+ 57. Kg3 Rd2 58. Rb4 a3 59. c5 a2 60. Nc4 Rd3+ 0-1

[Event "Late-Titled-Tuesday-Blitz-February-13-2024"]
[Site "Chess.com"]
[Date "2024.02.13"]
[Round "1"]
[White "Slovak_fighter2000"]
[Black "Shankland"]
[Result "0-1"]
[WhiteElo "2499"]
[BlackElo "2948"]
[TimeControl "180+1"]
[EndTime "14:08:04 PST"]
[Termination "Shankland won by resignation"]

1. d4 Nf6 2. Nf3 e6 3. c4 b6 4. a3 c5 5. d5 Ba6 6. e3 exd5 7.
cxd5 Bxf1 8. Kxf1 d6 9. Nc3 g6 10. g3 Bg7 11. Kg1 O-O 12. Kg2 Re8 13. Qd3 a6 14. a4 Nbd7 15. e4 Ng4 16. Bf4 Nge5 17. Nxe5 Nxe5 18. Bxe5 Bxe5 19. Rhe1 Qd7 20. h3 Re7 21.
Ra3 h5 22. f4 Bd4 23. Rb3 Qc7 24. Qc4 Kg7 25. Nb1 f5 26. Nd2 fxe4 27. Rxe4 Rxe4 28. Nxe4 Qe7 29. Ng5 Qe1 30. Ne6+ Kh7 31. Nxd4 cxd4 32. Qxd4 Re8 33. Rf3 Re2+ 34. Rf2 Rxf2+ 35.
Qxf2 Qe4+ 36. Qf3 Qxa4 37. Qe2 Kh6 38. Qe7 Qc2+ 39. Kg1 Qd1+ 40. Kf2 Qd2+ 41. Kf1 Qxd5 42. Qf8+ Kh7 43. Qe7+ Kg8 44. Qd8+ Kg7 45. Qe7+ Qf7 46. Qxd6 Qc4+ 47. Kf2 Qc2+ 48. Kf3 Qb3+ 49. Ke4 Qxb2 50.
Qe7+ Kg8 51. Qe8+ Kh7 52. Qd7+ Qg7 53. Qd6 Qb7+ 54. Ke5 b5 55. Qb4 Kg7 56. g4 hxg4 57. hxg4 Kf7 58. f5 gxf5 59. gxf5 Qe7+ 0-1

[Event "Late-Titled-Tuesday-Blitz-February-13-2024"]
[Site "Chess.com"]
[Date "2024.02.13"]
[Round "1"]
[White "arenal72"]
[Black "Viktor_Poddubnyi"]
[Result "0-1"]
[WhiteElo "2575"]
[BlackElo "2266"]
[TimeControl "180+1"]
[EndTime "14:08:07 PST"]
[Termination "Viktor_Poddubnyi won on time"]

1. Nf3 g6 2. g3 Bg7 3. Bg2 Nf6 4. O-O O-O 5. d3 c5 6. e4 Nc6 7. Qe2 d5 8. c3 e6 9. e5 Nd7 10. d4 a6 11. h4 b5 12. h5 b4 13. h6 Bh8 14. Bf4 a5 15. Rd1 Ba6 16. Qe3 cxd4 17. cxd4 Nb6 18. b3 Na7 19. a4 bxa3 20. Rxa3 a4 21.
Nc3 Nb5 22. Nxb5 Bxb5 23. Qc3 axb3 24. Bg5 Qc8 25. Qxc8 Rfxc8 26. Rxb3 Ba4 27. Rxb6 Bxd1 28. Nd2 Bc2 29. Kh2 Rf8 30. Be7 Rfe8 31. Bg5 Rab8 32. Rc6 Rbc8 33. Rb6 Bd3 34. Rb3 Bc4 35. Rb7 Rb8 36. Rc7 Rbc8 37. Rb7 Rb8 38. Rd7 Rbc8 39. Nf3 Bd3 40. Kg1 Be4 41. Nh2 Bxg2 42. Kxg2 Rc4 43.
Be3 Rf8 44. Ng4 Rcc8 45. Bg5 Rc4 46. Be7 Re8 47. Bc5 Rc8 0-1

[Event "Late-Titled-Tuesday-Blitz-February-13-2024"]
[Site "Chess.com"]
[Date "2024.02.13"]
[Round "1"]
[White "tarno17"]
[Black "GM4life"]
[Result "0-1"]
[WhiteElo "2123"]
[BlackElo "2546"]
[TimeControl "180+1"]
[EndTime "14:08:11 PST"]
[Termination "GM4life won on time"]

1. e4 c5 2. Nf3 Nf6 3. d3 Nc6 4. g3 g6 5. Bg2 Bg7 6. O-O O-O 7. Nc3 d5 8. Re1 d4 9. Ne2 Ne8 10. h3 Nc7 11. Nh2 b5 12. f4 Bb7 13. g4 c4 14. Ng3 Rb8 15. f5 Ne5 16. Nf3 Qd6 17. Bf4 Rbd8 18. Rf1 Na6 19. a3 Nc5 20. Nxe5 Bxe5 21. Ne2 Na4 22. Rb1 a5 23. Qe1 Nc5 24.
Rd1 Bxf4 25. Nxf4 Qe5 26. Qh4 c3 27. b3 Rd7 28. Rf3 Qg7 29. Qg3 Qe5 30. Qh4 Qg7 31.
Qf2 b4 32. a4 Bc6 33. Rf1 Rfd8 34. h4 e5 35. Nh3 h6 36. g5 h5 37. fxg6 fxg6 38. Rf6 Bb7 39. Qg3 Re8 40. Nf2 Ne6 41. Nd1 Nf4 42. Bh3 Ne2+ 43. Kg2 Nxg3 44. Kxg3 Rde7 45.
Nf2 Bc8 46. Bg2 Bg4 47. Nxg4 hxg4 48. Kxg4 Re6 49. Kg3 Rxf6 50. Rxf6 Rf8 51. Ra6 Qf7 52. Rf6 Qg7 53. Ra6 Kh7 54. Bh3 Rf7 55. Be6 Rf1 56. Bd5 Qf8 57. Ra7+ Kh8 0-1

[Event "Late-Titled-Tuesday-Blitz-February-13-2024"]
[Site "Chess.com"]
[Date "2024.02.13"]
[Round "1"]
[White "Rud_Makarian"]
[Black "HajiyevKanan"]
[Result "1-0"]
[WhiteElo "3054"]
[BlackElo "2514"]
[TimeControl "180+1"]
[EndTime "14:08:13 PST"]
[Termination "Rud_Makarian won by resignation"]

1. Nf3 Nf6 2. c4 c6 3. Nc3 d5 4. d4 a6 5. g3 Bf5 6. Bg2 e6 7. O-O Be7 8. Nd2 O-O 9. e4 dxe4 10. Ndxe4 Nxe4 11. Nxe4 Nd7 12. Be3 Nf6 13. Nc3 Qa5 14. h3 Rfd8 15. Qe2 Qb4 16. Rfd1 a5 17. Rac1 a4 18.
a3 Qb3 19. g4 Bg6 20. Rd2 Nd7 21. d5 cxd5 22. cxd5 Nf8 23. Rcd1 Rac8 24. dxe6 fxe6 25.
Rxd8 Rxd8 26. Rxd8 Bxd8 27. Bd4 Bf6 28. Bxf6 gxf6 29. Qd2 b5 30. h4 b4 31. axb4 Qxb4 32. h5 Bf7 33. Bf3 a3 34. bxa3 Qxa3 35. g5 Qe7 36.
Ne4 fxg5 37. Nxg5 h6 38. Ne4 Kg7 39. Qf4 Nh7 40. Qg3+ Ng5 41. Kg2 Bg8 42. Qe5+ Kf8 43. Qb8+ Kg7 44. Qe5+ Kf8 45. Nf6 Kf7 46. Ng4 Bh7 47.
Nxh6+ Kf8 48. Ng4 Qg7 49. Qf4+ Qf7 50. Qxg5 Bg8 51. Nh6 Qg7 52. Qxg7+ Kxg7 53. Nxg8 Kxg8 54. Kg3 Kf7 55. Kg4 Kf6 56. Be4 e5 57. f3 Kg7 58.
Kg5 Kf7 59. Kf5 Kg7 60. Kxe5 Kf7 61. Bg6+ 1-0

[Event "Late-Titled-Tuesday-Blitz-February-13-2024"]
[Site "Chess.com"]
[Date "2024.02.13"]
[Round "1"]
[White "Balla_Tamas"]
[Black "MyDream003"]
[Result "0-1"]
[WhiteElo "2391"]
[BlackElo "2740"]
[TimeControl "180+1"]
[EndTime "14:08:16 PST"]
[Termination "MyDream003 won by checkmate"]

1. e4 c6 2. d4 d5 3. e5 Bf5 4. h4 h5 5. Bd3 Bxd3 6. Qxd3 e6 7. Bg5 Qa5+ 8. Nd2 Qb5 9. Qxb5 cxb5 10. Ne2 Nc6 11.
O-O Nge7 12. c3 Nf5 13. Nf3 Kd7 14. g3 b4 15. Rfc1 bxc3 16. bxc3 Na5 17. Nd2 Ba3 18.
Rc2 Rhc8 19. Rb1 a6 20. Nf4 g6 21. Nd3 Nxd4 22. cxd4 Rxc2 23. Nb3 b6 24. Nxa5 bxa5 25.
Rb7+ Rc7 26. Rb6 Raa7 27. Rb8 Rc8 28. Rb6 Bf8 29. Kg2 Kc7 30. Rb3 Rb7 31. Rc3+ Kd7 32. Nc5+ Bxc5 33. dxc5 Rb4 34. Rf3 Ke8 35. Rc3 Rc4 36.
Ra3 R4xc5 37. Be3 Rb5 38. Rd3 Kd7 39. g4 Rc4 40. gxh5 gxh5 41. Kh3 Re4 42. Bg5 Rxe5 43. Rf3 Rf5 44. Rc3 a4 45. Ra3 Rb4 46. Rc3 Rc4 47.
Rd3 a5 48. a3 f6 49. Be3 Kc6 50. Rd2 e5 51. Rb2 d4 52. Bd2 Rxf2 53. Ra2 e4 54. Rb2 e3 55. Rb8 exd2 56. Kg3 Rf1 57. Kh2 d1=Q 58. Rc8+ Kb7 59. Rxc4 Qe2+ 60. Kg3 Rf3# 0-1

[Event "Late-Titled-Tuesday-Blitz-February-13-2024"]
[Site "Chess.com"]
[Date "2024.02.13"]
[Round "1"]
[White "Teidi96"]
[Black "ArtemDyachuk"]
[Result "0-1"]
[WhiteElo "2262"]
[BlackElo "2611"]
[TimeControl "180+1"]
[EndTime "14:08:16 PST"]
[Termination "ArtemDyachuk won by resignation"]

1. e4 c5 2. Nf3 d6 3. Bb5+ Nd7 4. d4 cxd4 5. Qxd4 a6 6. Bxd7+ Bxd7 7. c4 Nf6 8. Nc3 g6 9. O-O Bg7 10. Rd1 O-O 11.
Qd3 Rc8 12. Rb1 Bg4 13. h3 Bxf3 14. gxf3 Nd7 15. b3 Ne5 16. Qe3 Qd7 17. f4 Nc6 18. Nd5 Rcd8 19. Bb2 f5 20. Bxg7 Kxg7 21. e5 e6 22. Nb6 Qe7 23. exd6 Rxd6 24. Rxd6 Qxd6 25. c5 Qd4 26. Qxe6 Qxf4 27. Rd1 Ne5 28. Nd7 Nf3+ 29.
Kg2 Rf7 30. Qe3 Nh4+ 31. Kf1 Qh2 32. Qe5+ Qxe5 33. Nxe5 Re7 34. Rd7 Kf6 35. Rxe7 Kxe7 36. f4 Ke6 37. Kf2 g5 38. Nd3 gxf4 39. Nxf4+ Ke5 40. Kg3 Ng6 41. Ne2 Ke4 42. Nc3+ Kd4 43. Na4 Ke3 44. h4 f4+ 45. Kg2 Nxh4+ 46. Kf1 Nf5 47.
Nc3 Kd4 48. Ne2+ Ke5 49. Kf2 h5 50. Kf3 Nd4+ 51. Nxd4 Kxd4 52. c6 bxc6 53. Kxf4 Kc3 54. Kg5 Kb2 55. Kxh5 Kxa2 56. Kg5 Kxb3 0-1

[Event "Late-Titled-Tuesday-Blitz-February-13-2024"]
[Site "Chess.com"]
[Date "2024.02.13"]
[Round "1"]
[White "rdarruda"]
[Black "gxbg2000"]
[Result "1-0"]
[WhiteElo "2542"]
[BlackElo "2049"]
[TimeControl "180+1"]
[EndTime "14:08:20 PST"]
[Termination "rdarruda won by resignation"]

1. d4 d5 2. Nf3 c6 3. c4 Nf6 4. e3 e6 5. Nc3 Be7 6. Bd3 O-O 7. O-O dxc4 8. Bxc4 b5 9. Bb3 a6 10. Qe2 Nbd7 11. e4 c5 12. d5 exd5 13. exd5 Re8 14. Be3 Bb7 15. Rad1 Bd6 16. Qd2 Ne4 17.
Nxe4 Rxe4 18. Ng5 Re7 19. Bc2 h6 20. Ne4 Ne5 21. Bxc5 Nc4 22. Qd3 Bxc5 23. Nxc5 g6 24. Qh3 Qd6 25. Nxb7 Rxb7 26. Qxh6 Re8 27. Rd4 Qf8 28.
Qc1 Qg7 29. Rfd1 Rd7 30. Bb3 Nd6 31. h3 Red8 32. R4d3 Ne4 33. Re1 Nf6 34. Qc6 Rd6 35.
Qb7 R8d7 36. Qc8+ Rd8 37. Qc5 Qf8 38. Red1 Qe7 39. a3 Qe5 40. Qc1 Kg7 41. Qd2 Ne4 42.
Qe3 f6 43. f3 Ng5 44. h4 Qxe3+ 45. Rxe3 Nf7 46. f4 R8d7 47. g3 Nh6 48. Kf2 Nf5 49.
Rc3 Kf7 50. Rd2 Ne7 51. Rc5 f5 52. Kf3 Kf6 53. g4 fxg4+ 54. Kxg4 Nf5 55. Re2 Nh6+ 56. Kf3 Nf5 57. Kg4 Nh6+ 58. Kh3 Nf5 59. Re6+ Kf7 60. Rxd6 Rxd6 61. Rc6 Ke7 62. Rxd6 Kxd6 63. Kg4 a5 64. Kg5 Ne7 65. Kf6 a4 66. Ba2 Kd7 67.
Ke5 Nf5 68. h5 gxh5 69. Kxf5 Kd6 70. Kg5 1-0

[Event "Late-Titled-Tuesday-Blitz-February-13-2024"]
[Site "Chess.com"]
[Date "2024.02.13"]
[Round "1"]
[White "MoreChessJulia"]
[Black "xakevicius91"]
[Result "0-1"]
[WhiteElo "2070"]
[BlackElo "2543"]
[TimeControl "180+1"]
[EndTime "14:08:21 PST"]
[Termination "xakevicius91 won by resignation"]

1. d4 Nf6 2. c4 e6 3. Nf3 b6 4. g3 Bb7 5. Bg2 Be7 6. O-O O-O 7. b3 d6 8. Bb2 Nbd7 9. Nbd2 Ne4 10. Nxe4 Bxe4 11.
d5 e5 12. Ne1 Bxg2 13. Nxg2 f5 14. f4 e4 15. Ne3 g6 16. g4 Bf6 17. Qd2 Bxb2 18.
Qxb2 Qf6 19. Qxf6 Rxf6 20. g5 Rf7 21. b4 h6 22. h4 hxg5 23. hxg5 Rh7 24. Kg2 a5 25. a3 Kg7 26. Rh1 Rxh1 27. Rxh1 axb4 28. axb4 Ra2 29. Kf2 Nb8 30. Rb1 Na6 31. b5 Nc5 32. Rh1 Nd3+ 33. Kg3 Rxe2 34. Ng2 Rc2 35. Rh6 Rxc4 36.
Nh4 e3 37. Rxg6+ Kf7 38. Rf6+ Ke7 39. Re6+ Kd7 40. Rxe3 Nxf4 41. Nxf5 Ng6 42. Re6 Ne5 43. Re7+ Kd8 44. Rg7 Rg4+ 45. Kf2 Rf4+ 46. Ke3 Rxf5 47. Rg8+ Kd7 48. g6 Rg5 49. Rg7+ Kd8 50. Rg8+ Ke7 51. Rg7+ Kf6 52. Rxc7 Kxg6 53. Re7 Kf5 54. Re6 Rg3+ 55. Ke2 Nc4 56. Kd1 Rd3+ 57. Kc2 Rxd5 58. Re8 Ne5 59. Rd8 Rc5+ 60. Kb3 d5 61. Kb4 Ke4 62. Re8 Kd4 63. Rd8 Nd3+ 64. Kb3 Rxb5+ 65. Kc2 Rc5+ 66. Kd2 b5 67. Rb8 b4 68. Rb7 Rc4 69. Rb8 Nc5 0-1

[Event "Late-Titled-Tuesday-Blitz-February-13-2024"]
[Site "Chess.com"]
[Date "2024.02.13"]
[Round "1"]
[White "Malev212"]
[Black "AndresDelgado77"]
[Result "1-0"]
[WhiteElo "2673"]
[BlackElo "2329"]
[TimeControl "180+1"]
[EndTime "14:08:23 PST"]
[Termination "Malev212 won on time"]

1. e4 e6 2. d4 d5 3. Nc3 Nf6 4. Bg5 Bb4 5. e5 h6 6. Bc1 Ne4 7. Qg4 Kf8 8. Ne2 c5 9. a3 Bxc3+ 10.
bxc3 Qa5 11. f3 Nxc3 12. Bd2 cxd4 13. Qxd4 Nxe2 14. Bxe2 Nc6 15. Qf2 Qa4 16. c4 dxc4 17. O-O b6 18. f4 Qc2 19. Rfd1 Bb7 20. Rac1 Qg6 21. Bf3 Kg8 22. Rxc4 Rc8 23. Rdc1 b5 24.
Be4 f5 25. exf6 Qxf6 26. Rc5 e5 27. Rxb5 Ba8 28. fxe5 Qxf2+ 29. Kxf2 Kf7 30. Rbc5 Ne7 31. Bb1 Rxc5 32. Rxc5 Rc8 33. Ba2+ Ke8 34. Be3 Rxc5 35. Bxc5 Nc6 36. Bd6 Nd4 37. g4 Kd7 38. Ke3 Ne6 39. h4 Bc6 40. Bc4 Bg2 41. Bd3 Bd5 42. Bf5 Kc6 43. Be7 a5 44. h5 a4 45. Bxe6 Bxe6 46. Kf4 Kd7 47. Bf8 Ke8 48. Bxg7 Kf7 49. Bxh6 Bd7 50. Bg5 Be6 51. Bf6 Bd7 52. g5 Be6 53. g6+ Kg8 54. h6 Kf8 55. h7 Ke8 56. h8=Q+ Kd7 57.
Qf8 Bd5 58. Qd6+ Kc8 59. Qxd5 1-0

[Event "Late-Titled-Tuesday-Blitz-February-13-2024"]
[Site "Chess.com"]
[Date "2024.02.13"]
[Round "1"]
[White "Mops_2004"]
[Black "Flaccidmoves"]
[Result "1-0"]
[WhiteElo "2782"]
[BlackElo "2413"]
[TimeControl "180+1"]
[EndTime "14:08:27 PST"]
[Termination "Mops_2004 won by resignation"]

1. g3 g6 2. Bg2 Bg7 3. d4 Nf6 4. e4 d6 5. Nc3 O-O 6. Nf3 e5 7. O-O exd4 8. Nxd4 Nc6 9. Nde2 Re8 10. h3 Bd7 11. Be3 a6 12. a4 Nb4 13. Qd2 Bc6 14.
a5 d5 15. Nd1 Nxc2 16. Qxc2 Nxe4 17. Bd4 Bb5 18. Bxg7 Kxg7 19. Re1 Qf6 20. Nec3 Bc6 21. Nxe4 dxe4 22. Bxe4 Bd7 23. Qc3 Bxh3 24. Bxb7 Rxe1+ 25. Qxe1 Rb8 26. Bg2 Bg4 27. Ne3 Be6 28. Qc3 Rxb2 29. Qxf6+ Kxf6 30. Bf1 Bc8 31. Rc1 Ra2 32. Rxc7 Be6 33.
Rc5 Ke7 34. Bxa6 Kd6 35. Rb5 h5 36. Bb7 Kc7 37. a6 Bd7 38. Rc5+ Kb6 39. Rd5 Be6 40.
Rd6+ Ka7 41. Ng2 Bc4 42. Ne3 Bxa6 43. Rxa6+ Rxa6 44. Bxa6 Kxa6 45. Nc4 f6 46. Nd6 Kb6 47. Ne4 Kc6 48. Nxf6 Kd6 49. Kg2 Ke6 50. Ne4 Kf5 51. Nd2 g5 52. f3 Ke5 53. Kf2 Kf5 54. Nf1 Ke5 55. Ne3 Kf6 56. g4 h4 57. Nc4 Ke6 58.
Ke3 Kf6 59. Nd2 Ke5 60. Ne4 h3 61. Nf2 h2 62. Nh1 Kd5 63. Kf2 Ke5 64. Kg2 Kf4 65. Nf2 Ke3 66. Nh1 Kf4 67. Kf2 Ke5 68. Ke3 Kd5 69.
f4 gxf4+ 70. Kxf4 Ke6 71. Kg3 Kf6 72. Kxh2 Kg5 73. Kg3 Kg6 74. Nf2 1-0

[Event "Late-Titled-Tuesday-Blitz-February-13-2024"]
[Site "Chess.com"]
[Date "2024.02.13"]
[Round "1"]
[White "IngOscarArdila"]
[Black "CrushingKings"]
[Result "1/2-1/2"]
[WhiteElo "2311"]
[BlackElo "2642"]
[TimeControl "180+1"]
[EndTime "14:08:30 PST"]
[Termination "Game drawn by repetition"]

1. d4 g6 2. c4 Bg7 3. Nf3 Nf6 4. Nc3 O-O 5. e3 d6 6. Be2 Nbd7 7. O-O b6 8. Qc2 Bb7 9. Rd1 Qe8 10. b3 e5 11.
dxe5 Nxe5 12. Nxe5 Qxe5 13. Bb2 Qg5 14. Bf1 Bf3 15. Rd2 Ng4 16. h3 Ne5 17. Kh1 Bb7 18. Nd5 Qd8 19. f4 Nd7 20. Bxg7 Kxg7 21. Qc3+ f6 22.
Be2 Nc5 23. Bf3 a5 24. a3 c6 25. b4 Nd7 26. Nxf6 Qxf6 27. Qxf6+ Rxf6 28. Rad1 axb4 29. axb4 d5 30. cxd5 cxd5 31. Bxd5 Bxd5 32. Rxd5 Nf8 33. Kg1 Ra3 34. Kf2 Re6 35. R1d3 Rxd3 36. Rxd3 Re4 37. b5 Rb4 38. Rd5 Kf7 39. Kf3 Ke6 40. Re5+ Kd6 41. e4 Ne6 42. Rd5+ Ke7 43. g4 Rd4 44. Re5 Rd3+ 45. Ke2 Rxh3 46. f5 Kf6 47.
Rxe6+ Kg5 48. Rxb6 gxf5 49. gxf5 Kf4 50. f6 Re3+ 51.
Kf2 Rf3+ 52. Ke2 Kg3 53. e5 h5 54. Rb7 h4 55. Rg7+ Kf4 56. Rh7 h3 57. f7 Ke4 58.
Rxh3 Rxf7 59. Re3+ Kd5 60. e6 Re7 61. Kf3 Rxe6 62.
Rxe6 Kxe6 63. Ke4 Kd6 64. Kd4 Kc7 65. Kc5 Kb7 66. b6 Kb8 67. Kc6 Kc8 68. Kd6 Kb7 69. Kc5 Kb8 70. Kd5 Kb7 71. Kc5 1/2-1/2

[Event "Late-Titled-Tuesday-Blitz-February-13-2024"]
[Site "Chess.com"]
[Date "2024.02.13"]
[Round "1"]
[White "GaiozNigalidze"]
[Black "czasnaszachy"]
[Result "1-0"]
[WhiteElo "2687"]
[BlackElo "2351"]
[TimeControl "180+1"]
[EndTime "14:08:34 PST"]
[Termination "GaiozNigalidze won on time"]

1. d4 Nf6 2. c4 g6 3. Nc3 d5 4.
Nf3 Bg7 5. Bg5 Ne4 6. cxd5 Nxg5 7. Nxg5 e6 8. Qd2 h6 9. Nf3 exd5 10. e3 O-O 11. Bd3 c6 12. h3 Nd7 13. O-O a5 14.
Rfe1 Re8 15. Rac1 Qe7 16. Qc2 Qf8 17. Ne2 Nf6 18. Ng3 Qe7 19. Ne5 Nd7 20. f4 Nxe5 21. fxe5 Qg5 22. Kh2 h5 23. Qf2 Be6 24. Ne2 Bh6 25.
Nf4 Kg7 26. Rf1 a4 27. Nxe6+ fxe6 28. Qf7+ Kh8 29. Bxg6 Re7 30. Qf6+ Rg7 31. Qxg5 Bxg5 32. Bxh5 Bxe3 33. Rcd1 Rag8 34. g4 c5 35. dxc5 Bxc5 36.
Bf7 Rd8 37. Bxe6 d4 38. Bf5 Re7 39. e6 Rc7 40. Kg2 Be7 41. Rc1 Rxc1 42. Rxc1 d3 43. Rd1 d2 44. Kg3 Kg7 45. h4 Kf6 46. Kf4 Bd6+ 47.
Ke4 Bc7 48. g5+ Ke7 49. h5 Bb6 50. h6 Rd4+ 51. Kf3 Rd5 52. Kg4 Rd4+ 53. Kh5 Rd5 54. Kg6 Be3 55. h7 Rd8 56. Kh5 Rh8 57. g6 Kf6 58.
Bc2 Kg7 59. e7 Re8 60. Bxa4 Rxe7 61. Bc2 1-0